 Seeded DCSS version 0.29-a0-380-gf50f0a9fbc (webtiles) character file.

Game seed: 10077074884737061911 (custom seed)

4 Hubjo the Firebug (level 1, -2/11 HPs)
             Began as a Deep Elf Fire Elementalist on May 5, 2022.
             Was an Initiate of Yredelemnul.
             Killed from afar by a dart slug (3 damage)
             ... with a slug dart
             ... on level 2 of the Dungeon.
             The game lasted 00:01:05 (1358 turns).

Hubjo the Firebug (Deep Elf Fire Elementalist)      Turns: 1358, Time: 00:01:06

Health: -2/11      AC:  2    Str:  5    XL:     1   Next: 58%
Magic:  6/6        EV: 12    Int: 19    God:    Yredelemnul [......]
Gold:   14         SH:  0    Dex: 15    Spells: 5/6 levels left

rFire   . . .      SeeInvis .   (no weapon)
rCold   . . .      Faith    .   (no shield)
rNeg    . . .      Spirit   .   a - +0 robe
rPois   .          Reflect  .   (no helmet)
rElec   .          Harm     .   (no cloak)
rCorr   .          Rampage  .   (no gloves)
Will    .....                   (no boots)
Stlth   ++........              (no amulet)
HPRegen 0.03/turn               (no ring)
MPRegen 0.10/turn               (no ring)

@: no status effects
A: no striking features
a: Renounce Religion, Recall Undead Harvest


You were on level 2 of the Dungeon.
You worshipped Yredelemnul.
Yredelemnul was noncommittal.
You visited 1 branch of the dungeon, and saw 2 of its levels.

You collected 14 gold pieces.

Inventory:

Armour
 a - a +0 robe (worn)
Scrolls
 e - a scroll of summoning
 g - a scroll of poison
 i - a scroll of blinking
Potions
 b - 2 potions of magic
 c - a potion of invisibility {unknown}
 f - 2 potions of curing {unknown}
 h - a potion of cancellation {unknown}


   Skills:
 * Level 0.4 Fighting
 - Level 2.4 Dodging
 + Level 2.5 Stealth
 + Level 3.1 Spellcasting
 - Level 1.1 Conjurations
 + Level 3.3 Fire Magic


You had 5 spell levels left.
You knew the following spells:

 Your Spells              Type           Power      Damage    Failure   Level
a - Foxfire               Conj/Fire      44%        2x1d6     6%          1

Your spell library contained the following spells:

 Spells                   Type           Power      Damage    Failure   Level
 Scorch                   Fire           30%        2d6       6%          2
 Conjure Flame            Conj/Fire      11%        6-21      19%         3
 Inner Flame              Hex/Fire       9%         N/A       22%         3
 Flame Wave               Conj/Fire      11%        2d5       52%         4


Dungeon Overview and Level Annotations

Branches:
Dungeon (2/15)

Altars:
Yredelemnul


Message History

It is a scroll of brand weapon.
You aren't carrying any weapons that can be branded.
Done exploring.
Done exploring.
You swap places.
You swap places.
You swap places.
You swap places.
You swap places.
You see here a +2 pair of gloves.
You swap places.
You swap places.
You swap places.
You swap places.
There is an escape hatch in the floor here.
You slide downwards.
The hatch slams shut behind you.
Your mindless puppet stays behind to rot.
Found a stone staircase leading down.
A dart slug is nearby!
A dart slug is nearby!
An endoplasm comes into view.
Found a viscous golden potion.
The endoplasm quivers.
The endoplasm hits you. The endoplasm barely misses you.
The endoplasm hits you. The endoplasm hits you.
The endoplasm hits you but does no damage.
The endoplasm closely misses you. The dart slug launches a dart at you.
The slug dart misses you. The endoplasm closely misses you.
The endoplasm barely misses you. The endoplasm freezes you.
You are frozen.
* * * LOW HITPOINT WARNING * * *
The endoplasm barely misses you. The dart slug launches a dart at you.
The slug dart hits you.
You die...
Your body rises from the dead as a mindless zombie.

#.# #.# # #.# .#
########.# #.#.
........># .....
.........###...!.
########.........
#..w......
#.@J......
#...#.....
#...#..... #...#
.... #...# ..
#...# #...# #...#


You could see a dart slug and an endoplasm.

Vanquished Creatures
  2 hobgoblins (D:1)
  3 rats (D:1)
5 creatures vanquished.

Vanquished Creatures (others)
  21 foxfires (D:1)
  3 fungi (D:1)
  3 plants (D:1)
27 creatures vanquished.

Grand Total: 32 creatures vanquished

Notes
Turn   | Place    | Note
-------+----------+-------------------------------------------
     0 | D:1      | Hubjo the Deep Elf Fire Elementalist began the quest for
                  | the Orb.
     0 | D:1      | Reached XP level 1. HP: 10/10 MP: 6/6
   116 | D:1      | Found a faded altar of an unknown god.
   242 | D:1      | Prayed at the altar of an unknown god.
   242 | D:1      | Became a worshipper of Yredelemnul the Dark
   242 | D:1      | Reached * piety under Yredelemnul
  1358 | D:2      | Killed from afar by a dart slug

Illustrated notes

Levels and vault maps discovered:
D:1:      roderic_dead_forest, layout_loops_ring,
          shapermc_ecumenical_altar_ellora, patterned_corridor
D:2:      layout_basic, corexii_shack

Action                   || total
-------------------------++-------
 Cast: Foxfire           ||    17
  Use: Scroll            ||     4
Armor: Robe              ||     1
Dodge: Dodged            ||    12

Table legend: (Time is in decaauts)
 A = Elapsed time spent in this place.
 B = Non-inter-level travel time spent in this place.
 C = Inter-level travel time spent in this place.
 D = Time resting spent in this place.
 E = Time spent auto-exploring this place.
 F = Levels seen in this place.
 G = Mean time per level.
                   A        B        C        D        E       F      G
               +--------+--------+--------+--------+--------+-----+--------+
         Total |   1357 |   1137 |    220 |      0 |   1036 |   2 |  678.5 |
       Dungeon |   1357 |   1137 |    220 |      0 |   1036 |   2 |  678.5 |
               +--------+--------+--------+--------+--------+-----+--------+

Top non-repeatable levels by time:
     D:1: 1326 daAuts
     D:2: 31 daAuts
